 Dungeon Crawl Stone Soup version 0.22-a0-181-gb22368a (webtiles) character file.

41391 KarmaPolice the Fighter (level 13, -25/107 HPs)
             Began as a Demonspawn Abyssal Knight on Feb 14, 2018.
             Was the Champion of Lugonu.
             Annihilated by a dire elephant (35 damage)
             ... on level 6 of the Lair of Beasts.
             The game lasted 01:16:01 (21109 turns).

KarmaPolice the Fighter (DsAK)                     Turns: 21109, Time: 01:16:02

Health: -25/107    AC: 15    Str: 21    XL:     13   Next: 79%
Magic:  20/20      EV: 16    Int: 16    God:    Lugonu [******]
Gold:   942        SH:  0    Dex: 10    Spells: 14/14 levels left

rFire    . . .     SeeInvis .   Q - +9 war axe of Uncomfortable Rashes {venom, Str+4 Int+2}
rCold    + . .     Gourm    .   (no shield)
rNeg     + + +     Faith    .   N - +3 leather armour of Rock {rN+++ Regen+ Dex-3 Stlth-}
rPois    .         Spirit   .   (no helmet)
rElec    .         Reflect  .   x - +0 cloak
rCorr    .         Harm     .   e - +0 pair of gloves
MR       +....                  C - +1 pair of boots {Fly}
Stlth    ..........             (no amulet)
HPRegen  0.67/turn              H - +5 ring of evasion
MPRegen  0.17/turn              P - ring of protection from magic

@: about to teleport, flying
A: hooves 1, icy blue scales 2, cold resistance 1, powered by death 1
a: Depart the Abyss, Bend Space, Banish, Corrupt, Enter the Abyss, Brand Weapon
With Distortion, Renounce Religion


You were on level 6 of the Lair of Beasts.
You worshipped Lugonu.
Lugonu was exalted by your worship.
You were not hungry.

You visited 2 branches of the dungeon, and saw 16 of its levels.
You visited the Abyss 1 time.
You also visited: Sewer.

You collected 942 gold pieces.

Inventory:

Hand Weapons
 t - a +0 blowgun
 u - the +3 glaive "Luimm" {chaos, MP+9 Str+7}
   (You found it on level 1 of the Lair of Beasts)

   Each time it hits an enemy it has a different, random effect.
   It affects your strength (+7).
   It affects your magic capacity (+9).
 M - a +0 flail of draining
 Q - the +9 war axe of Uncomfortable Rashes (weapon) {venom, Str+4 Int+2}
   (You found it on level 7 of the Dungeon)

   It poisons the flesh of those it strikes.
   It affects your strength (+4).
   It affects your intelligence (+2).
 Y - the +8 war axe of Exquisite Torment {chop, rN++}
   (You found it on level 1 of the Lair of Beasts)

   It inflicts extra damage upon your enemies.
   It greatly protects you from negative energy.
Missiles
 p - 13 tomahawks (quivered)
 v - 7 needles of sleeping
 E - 6 steel tomahawks
 G - 2 curare-tipped needles
 W - 3 throwing nets
Armour
 e - a +0 pair of gloves (worn)
 x - a +0 cloak (worn)
 C - a +1 pair of boots of flying (worn)
 N - the +3 leather armour of Rock (worn) {rN+++ Regen+ Dex-3 Stlth-}
   (You found it on level 7 of the Dungeon)

   It affects your dexterity (-3).
   It renders you almost immune to negative energy.
   It increases your rate of regeneration.
   It makes you less stealthy.
Jewellery
 H - a +5 ring of evasion (left hand)
 P - a ring of protection from magic (right hand)
 T - an uncursed ring of fire
 X - a +1 ring of slaying
Wands
 F - a wand of flame (31)
 K - a wand of paralysis (11)
 V - a wand of disintegration (2)
 Z - a wand of clouds (3)
Scrolls
 d - a scroll of blinking
 f - 8 scrolls of teleportation
 g - 2 scrolls of fear
 i - a scroll of immolation
 m - 6 scrolls of remove curse
 o - 5 scrolls of enchant armour
 q - a scroll of noise {unknown}
 r - 4 scrolls of amnesia
 w - 3 scrolls of enchant weapon {unknown}
 y - 4 scrolls of fog {unknown}
 D - a scroll of brand weapon {unknown}
 L - 4 scrolls of magic mapping {unknown}
 O - 2 scrolls of random uselessness {unknown}
 R - 2 scrolls of identify
 S - a scroll of acquirement {unknown}
Potions
 a - 2 potions of invisibility {unknown}
 b - 2 potions of ambrosia
 h - a potion of heal wounds {unknown}
 j - 2 potions of flight
 k - 3 potions of brilliance
 l - 2 potions of agility
 n - 3 potions of curing
 s - 3 potions of mutation
 z - 2 potions of berserk rage {unknown}
 A - 4 potions of haste
 B - 4 potions of cancellation {unknown}
 I - 4 potions of might {unknown}
 U - a potion of magic {unknown}
Comestibles
 c - 31 rations
 J - 6 chunks of flesh


   Skills:
 + Level 11.8 Fighting
   Level 2.2 Long Blades
 + Level 11.2(11.4) Axes
 - Level 2.8(7.8) Polearms
 - Level 5.1 Throwing
 + Level 10.3 Armour
 - Level 0.8 Dodging
 - Level 1.4 Spellcasting
 + Level 8.4 Invocations
 - Level 10.1 Evocations


You had 14 spell levels left.
You didn't know any spells.

Dungeon Overview and Level Annotations

Branches:
Dungeon (10/15)            Temple (0/1) D:5            Lair (6/6) D:9
 Shoals (0/4) Lair:2       Spider (0/4) Lair:3        Slime (0/5) Lair:5
    Orc: D:9-12

Altars:
Cheibriados
Dithmenos
Fedhas
Gozag
Hepliaklqana
Kikubaaqudgha
Qazlal
Uskayaw
Vehumet
Xom
Zin

Annotations:
D:5 exclusion: statue


Innate Abilities, Weirdness & Mutations

You have large cloven feet.
You are mostly covered in icy blue scales. (AC +3)
Your flesh is cold resistant. (rC+)
You regenerate a little health from kills.


Message History

The dire elephant misses you. The dire elephant closely misses you.
The dire elephant completely misses you.
The dire elephant misses you. The dire elephant tramples you.
You are shoved backwards!
A dire elephant comes into view.
The dire elephant trumpets!
As you read the scroll of teleportation, it crumbles to dust.
You feel strangely unstable. The dire elephant tramples you!!
You hold your ground!
The dire elephant trunk-slaps you.
* * * LOW HITPOINT WARNING * * *
As you read the scroll of fear, it crumbles to dust.
You assume a fearsome visage.
The dire elephant resists with almost no effort.
The dire elephant looks frightened!
The dire elephant easily resists.
The dire elephant resists with almost no effort.
The dire elephant tramples you!!
* * * LOW HITPOINT WARNING * * *
You hold your ground!
The dire elephant barely misses you. The dire elephant tramples you!!
You die...

#........♣# #...8#....#
##...PP...♣ #.####...##
####.#.......♣##.#..'Y.##
#####............♣#..#..'.##
#.##.............##.##..###
.#.PP...........###Y#...#
...............♣#.Y.#8.8#
...............##Y####'##
...............#@.#≈..÷##
...............#Y##≈≈≈..#
...............#.#≈≈≈≈≈≈#
.....#..PP.....#.#.≈≈≈≈≈#
.....####...#..#.##.≈≈≈##
[...###.P......#.####''#
#....#.......#.#.8##....
#P.............'..8#....#
#..............'.⌠.#....#


You could see 4 dire elephants.

Vanquished Creatures
  Josephine (Lair:4)
  3 hydras
  Harold (Lair:4)
  An anaconda (Lair:6)
  A two-headed ogre (D:9)
  8 death yaks
  A lindwurm (Lair:4)
  3 black mambas
  16 spiny frogs
  2 rime drakes
  9 komodo dragons
  2 polar bears
  Prince Ribbit (Lair:1)
  9 hippogriffs
  15 blink frogs
  12 dream sheep
  A spriggan (D:9)
  3 wraiths (Lair:4)
  Eustachio (D:5)
  2 hungry ghosts
  A wyvern (Lair:6)
  36 yaks
  2 basilisks
  A soldier ant (D:9)
  21 water moccasins
  17 porcupines
  3 orc warriors
  2 sky beasts
  A swamp drake (Lair:2)
  A black bear (Lair:6)
  2 ice beasts
  A necrophage (D:8)
  3 phantoms
  An eye of draining (D:9)
  4 ogres
  A centaur (D:9)
  13 crocodiles
  2 big kobolds
  8 bullfrogs
  A gnoll sergeant (D:9)
  2 electric eels
  7 howler monkeys
  3 crimson imps
  2 centaur zombies
  9 orc wizards
  2 orc priests
  7 hounds
  3 jellies
  A bullfrog skeleton (D:5)
  2 centaur skeletons
  4 iguanas
  6 worker ants
  12 gnolls
  A howler monkey skeleton (D:7)
  21 adders
  A river rat (D:6)
  2 shadow imps
  2 oozes
  2 adder zombies
  4 adder skeletons
  4 worms
  2 dart slugs
  4 leopard geckos
  34 orcs
  13 bats
  4 giant cockroaches
  17 goblins
  18 hobgoblins
  13 jackals
  A quokka (D:3)
  7 ball pythons
  11 frilled lizards
  2 jackal skeletons
  31 kobolds
  A leopard gecko skeleton (D:7)
  A leopard gecko zombie (D:7)
  A quokka zombie (D:8)
  16 rats
  9 fungi
  6 plants
501 creatures vanquished.

Vanquished Creatures (others)
  10 fungi
  3 plants
13 creatures vanquished.

Grand Total: 514 creatures vanquished

Notes
Turn   | Place    | Note
-------+----------+-------------------------------------------
     0 | Abyss:1  | KarmaPolice the Demonspawn Abyssal Knight began the quest for the Orb.
     0 | Abyss:1  | Reached XP level 1. HP: 18/18 MP: 2/2
   101 | Abyss:1  | Noticed a spatial vortex
   101 | Abyss:1  | Noticed a spatial vortex
   113 | Abyss:1  | Found a corrupted altar of Lugonu.
   141 | Abyss:1  | Noticed a large abomination
   160 | Abyss:1  | Noticed a thrashing horror
   163 | D:1      | Escaped the Abyss
   579 | D:1      | Reached * piety under Lugonu
   792 | D:1      | Gained mutation: You have large cloven feet. [demonic ancestry]
   792 | D:1      | Reached XP level 2. HP: 18/24 MP: 3/3
  1176 | D:2      | Reached skill level 1 in Throwing
  1267 | D:1      | Gained mutation: You are partially covered in icy blue scales. (AC +2) [demonic ancestry]
  1267 | D:1      | Reached XP level 3. HP: 19/29 MP: 4/4
  2190 | D:2      | Reached ** piety under Lugonu
  2207 | D:2      | Found a shimmering altar of Xom.
  2257 | D:2      | Found a shimmering altar of Xom.
  2263 | D:2      | Found a shimmering altar of Xom.
  2329 | D:2      | Found a glowing silver altar of Zin.
  2330 | D:2      | Found an opulent altar of Gozag.
  2440 | D:2      | Gained mutation: You are mostly covered in icy blue scales. (AC +3) [demonic ancestry]
  2440 | D:2      | Reached XP level 4. HP: 37/37 MP: 5/5
  2888 | D:3      | Found a faded altar of an unknown god.
  3123 | D:3      | Found a stormy altar of Qazlal.
  3180 | D:3      | Gained mutation: Your flesh is cold resistant. (rC+) [demonic ancestry]
  3180 | D:3      | Reached XP level 5. HP: 15/42 MP: 6/6
  3764 | D:2      | HP: 1/42 [gnoll/whip (4)]
  4547 | D:4      | Found an ancient bone altar of Kikubaaqudgha.
  4650 | D:4      | Reached *** piety under Lugonu
  4671 | D:4      | Found a blossoming altar of Fedhas.
  4806 | D:4      | Found a hide-covered altar of Uskayaw.
  5174 | D:5      | Entered Level 5 of the Dungeon
  5187 | D:5      | Gained mutation: You regenerate a little health from kills. [demonic ancestry]
  5187 | D:5      | Reached XP level 6. HP: 42/49 MP: 7/7
  5198 | D:5      | Found a shadowy altar of Dithmenos.
  5511 | D:5      | Noticed Eustachio
  5645 | D:5      | Found a radiant altar of Vehumet.
  5910 | D:5      | Found a snail-covered altar of Cheibriados.
  6479 | D:5      | Killed Eustachio
  6479 | D:5      | Reached skill level 1 in Evocations
  6479 | D:5      | Reached XP level 7. HP: 46/55 MP: 8/8
  6658 | D:5      | Reached **** piety under Lugonu
  6738 | D:5      | Found a hazy altar of Hepliaklqana.
  6762 | D:5      | Found a staircase to the Ecumenical Temple.
  6942 | D:6      | Reached skill level 1 in Long Blades
  7572 | D:6      | Found a glowing drain.
  7614 | Sewer    | Entered a sewer
  7982 | Sewer    | Reached XP level 8. HP: 60/61 MP: 10/10
  7998 | Sewer    | Reached ***** piety under Lugonu
  8722 | D:7      | Got a faintly glowing leather armour
  8765 | D:7      | Got a smoking war axe
  8766 | D:7      | Identified the +9 war axe of Uncomfortable Rashes {venom, Str+4 Int+2} (You found it on level 7 of the Dungeon)
  8838 | D:7      | Reached skill level 5 in Axes
  8919 | D:7      | Reached skill level 5 in Fighting
  9633 | D:7      | Reached skill level 5 in Armour
  9757 | D:7      | Identified the +3 leather armour of Rock {rN+++ Regen+ Dex-3 Stlth-} (You found it on level 7 of the Dungeon)
  9860 | D:8      | Reached XP level 9. HP: 54/69 MP: 12/12
 10031 | D:8      | Reached skill level 5 in Evocations
 10629 | D:8      | Reached skill level 5 in Invocations
 11103 | D:9      | Reached XP level 10. HP: 47/79 MP: 3/14
 11183 | D:9      | Found a staircase to the Lair.
 11435 | D:9      | Noticed a two-headed ogre
 11516 | D:9      | Killed a two-headed ogre
 11785 | D:10     | Entered Level 10 of the Dungeon
 11789 | D:10     | Reached ****** piety under Lugonu
 11811 | D:10     | Noticed a green ugly thing
 11949 | Lair:1   | Entered Level 1 of the Lair of Beasts
 12057 | Lair:1   | Got a warped glaive
 12313 | Lair:1   | Reached XP level 11. HP: 84/87 MP: 16/16
 12348 | Lair:1   | Identified the cursed +3 glaive "Luimm" {chaos, MP+9 Str+7} (You found it on level 1 of the Lair of Beasts)
 12568 | Lair:1   | Reached skill level 1 in Polearms
 12585 | Lair:1   | Got a shimmering war axe
 12608 | Lair:1   | Identified the +8 war axe of Exquisite Torment {chop, rN++} (You found it on level 1 of the Lair of Beasts)
 12961 | Lair:2   | Noticed a four-headed hydra
 13210 | Lair:2   | Noticed Prince Ribbit
 13227 | Lair:1   | Killed Prince Ribbit
 13445 | Lair:2   | Found a staircase to the Shoals.
 14277 | Lair:2   | Reached XP level 12. HP: 52/96 MP: 19/19
 14780 | Lair:2   | Killed a four-headed hydra
 15176 | Lair:3   | Found a hole to the Spider Nest.
 15274 | Lair:3   | Reached skill level 10 in Fighting
 15407 | Lair:3   | Noticed a five-headed hydra
 15449 | Lair:3   | Killed a five-headed hydra
 16020 | Lair:4   | Reached skill level 10 in Evocations
 16255 | Lair:4   | Noticed a death yak
 16256 | Lair:4   | Noticed a death yak
 16257 | Lair:4   | Noticed a death yak
 16280 | Lair:4   | Noticed a death yak
 16281 | Lair:4   | Noticed a death yak
 16375 | Lair:3   | Killed a death yak
 16375 | Lair:3   | Reached skill level 10 in Axes
 16518 | Lair:4   | Noticed Harold
 16551 | Lair:4   | Killed Harold
 16780 | Lair:4   | Noticed Josephine
 16804 | Lair:4   | Noticed a seven-headed hydra
 17104 | Lair:3   | Killed a death yak
 17319 | Lair:4   | Killed a seven-headed hydra
 17387 | Lair:4   | Killed Josephine
 17387 | Lair:4   | Reached XP level 13. HP: 97/105 MP: 20/20
 17510 | Lair:3   | Reached skill level 5 in Throwing
 18090 | Lair:4   | Reached skill level 1 in Spellcasting
 18371 | Lair:5   | Found a staircase to the Slime Pits.
 19572 | Lair:6   | Entered Level 6 of the Lair of Beasts
 19855 | Lair:5   | Reached skill level 10 in Armour
 21081 | Lair:6   | Noticed a dire elephant
 21081 | Lair:6   | Noticed a dire elephant
 21096 | Lair:6   | Noticed a dire elephant
 21106 | Lair:6   | Noticed a dire elephant
 21109 | Lair:6   | Annihilated by a dire elephant

Vault maps used:
D:1:      dpeg_arrival_three_same_balls
D:2:      xom_redecorated, grunt_temple_overflow_gold_and_silver,
          hangedman_abyss_or_decor_stabs
D:3:      chequers_ecumenical_altar_simple_redux, grunt_qazlal_sundering
D:4:      lemuel_doored_altar, kiku_gazebo_garden_becter, marbit_many_paths
D:5:      corexii_shantytown, nicolae_dithmenos_the_darkroom, vehumet_statue,
          kennysheep_slug_shrine, kennysheep_mini,
          minmay_temple_entry_glassed_door, first_ration, uniq_eustachio
D:6:      portal_sewer_entry_c
D:7:      wad_river_or_something
D:8:      minmay_ornate_pinched
D:9:      dpeg_oklobed_lair, enter_bailey_1, grunt_pizzeria, st_stairs_13
D:10:     minmay_blocky_corners, serial_shops, nicolae_shop_waterfront,
          lightli_wizard_tower, uniq_erolcha
Lair:1:   beast_lair_carwin_8, infiniplex_staircase_pool
Lair:2:   lemuel_reptile_caves, elwin_shoals_entry_rocks, lemuel_fruit_fields,
          uniq_prince_ribbit2
Lair:3:   dummy_spider_entry
Lair:4:   uniq_harold, uniq_josephine
Lair:5:   slime_dummy, infiniplex_staircase_pool_2
Lair:6:   due_jungle_book, st_stairs_7
Sewer:    sewer_co_scattered_pipes

Skill      XL: |  1  2  3  4  5  6  7  8  9 10 11 12 13 |
---------------+----------------------------------------+-----
Axes           | 2 3 4 5 7 8 9 10 11 | 11.2
Throwing       | 1 2 3 4 5 |  5.1
Fighting       | 4 5 7 8 9 10 11 | 11.8
Armour         | 2 3 5 6 8 9 10 | 10.3
Evocations     | 1 3 4 6 7 9 10 | 10.1
Long Blades    | 2 |  2.2
Invocations    | 3 6 8 |  8.4
Polearms       | 2 |  2.8
Spellcasting   | 1 |  1.4
Dodging        | |  0.8

Action                   |  1- 3 |  4- 6 |  7- 9 | 10-12 | 13-15 || total
-------------------------+-------+-------+-------+-------+-------++-------
Melee: Hand axe          |   137 |   257 |       |       |       ||   394
       Kick              |    16 |    59 |    94 |    30 |       ||   199
       Falchion          |       |       |   167 |     5 |       ||   172
       War axe           |       |       |   175 |   519 |   285 ||   979
       Glaive            |       |       |       |    20 |       ||    20
       Short sword       |       |       |       |     4 |       ||     4
       Flail             |       |       |       |    47 |       ||    47
 Fire: Blowgun           |       |    19 |    18 |    14 |       ||    51
Throw: Stone             |       |     7 |       |       |       ||     7
       Tomahawk          |       |       |       |     3 |       ||     3
Invok: Depart the Abyss  |     1 |       |       |       |       ||     1
Evoke: Wand              |       |       |       |    22 |     3 ||    25
  Use: Scroll            |       |     9 |     1 |     5 |     2 ||    17
       Potion            |       |     5 |     1 |     6 |     1 ||    13
 Stab: Distracted        |       |       |     1 |       |       ||     1
       Paralysed         |       |       |       |    20 |       ||    20
  Eat: Chunk             |     5 |     9 |    18 |    21 |     7 ||    60
       Ration            |       |     1 |       |       |     2 ||     3
Armor: Leather armour    |    53 |    47 |    59 |   157 |   107 ||   423
       Ring mail         |       |   117 |   113 |       |       ||   230
       Skin              |       |     3 |       |       |       ||     3
Dodge: Dodged            |   104 |   210 |   176 |   462 |   225 ||  1177
       Rpst.: Falchion   |       |       |    23 |     1 |       ||    24

Table legend:
 A = Spawn XP
 B = Non-spawn XP
 C = Spawn XP percentage of total XP
 D = Spawn monster count
 E = Non-spawn monster count
 F = Spawn count percentage of total count
 G = Total turns spent on level
                    A         B        C        D         E        F      G
               +---------+---------+-------+---------+---------+-------+---------
         Total |       0 |   59130 |   0.0 |       0 |     486 |   0.0 | 21109
               +---------+---------+-------+---------+---------+-------+---------
           D:1 |       0 |      34 |   0.0 |       0 |      17 |   0.0 |  1406
           D:2 |       0 |      96 |   0.0 |       0 |      33 |   0.0 |  1693
           D:3 |       0 |     139 |   0.0 |       0 |      30 |   0.0 |  1234
           D:4 |       0 |      92 |   0.0 |       0 |      11 |   0.0 |  1150
           D:5 |       0 |     537 |   0.0 |       0 |      47 |   0.0 |  1278
           D:6 |       0 |     554 |   0.0 |       0 |      28 |   0.0 |  1094
           D:7 |       0 |    1191 |   0.0 |       0 |      25 |   0.0 |  1074
           D:8 |       0 |    1714 |   0.0 |       0 |      30 |   0.0 |   964
           D:9 |       0 |    4304 |   0.0 |       0 |      46 |   0.0 |  1177
          D:10 |       0 |     242 |   0.0 |       0 |       8 |   0.0 |    26
        Lair:1 |       0 |    5652 |   0.0 |       0 |      26 |   0.0 |  1525
        Lair:2 |       0 |   11245 |   0.0 |       0 |      65 |   0.0 |  1764
        Lair:3 |       0 |    6928 |   0.0 |       0 |      13 |   0.0 |  1574
        Lair:4 |       0 |   13905 |   0.0 |       0 |      36 |   0.0 |  2152
        Lair:5 |       0 |    4869 |   0.0 |       0 |      20 |   0.0 |   887
        Lair:6 |       0 |    7556 |   0.0 |       0 |      27 |   0.0 |  1258
         Sewer |       0 |      72 |   0.0 |       0 |      24 |   0.0 |   690
               +---------+---------+-------+---------+---------+-------+---------
